 Dungeon Crawl Stone Soup version 0.24-a0-291-g79c1ce7 (webtiles) character file.

Game seed: 6433111149175599418

3574 galech the Cleaver (level 9, -5/68 HPs)
             Began as a Demonspawn Fighter on May 9, 2019.
             Was a Believer of Okawaru.
             Slain by Erolcha
             ... wielding a +5 giant club
              (19 damage)
             ... on level 9 of the Dungeon.
             The game lasted 00:10:19 (8832 turns).

galech the Cleaver (Demonspawn Fighter)             Turns: 8832, Time: 00:10:19

Health: -5/68      AC: 13    Str: 22    XL:     9   Next: 84%
Magic:  0/9        EV: 15    Int: 10    God:    Okawaru [**....]
Gold:   495        SH: 13    Dex: 15    Spells: 8/8 levels left

rFire    . . .     SeeInvis .   q - +1 hand axe (chop)
rCold    + . .     Gourm    .   c - +0 shield
rNeg     . . .     Faith    .   N - +0 swamp dragon scales
rPois    +         Spirit   +   (no helmet)
rElec    .         Reflect  .   e - +0 cloak
rCorr    +         Harm     .   A - +0 pair of gloves
MR       .....                  (no boots)
Stlth    ++........             P - amulet of guardian spirit
HPRegen  0.21/turn              k - ring of protection from cold
MPRegen  0.11/turn              G - ring of resist corrosion

@: mighty, heroism
A: hooves 1, powered by pain 2
a: Heroism, Renounce Religion


You were on level 9 of the Dungeon.
You worshipped Okawaru.
Okawaru was pleased with you.
You were hungry.

You visited 2 branches of the dungeon, and saw 10 of its levels.

You collected 495 gold pieces.

Inventory:

Hand Weapons
 a - a +0 war axe
 q - a +1 hand axe of chopping (weapon)
Armour
 c - a +0 shield (worn)
 e - a +0 cloak (worn)
 A - a +0 pair of gloves (worn)
 F - a +0 plate armour
 N - +0 swamp dragon scales (worn)
Jewellery
 k - a ring of protection from cold (left hand)
 l - an uncursed amulet of harm
 o - a +1 ring of protection
 x - an uncursed ring of magical power
 G - a ring of resist corrosion (right hand)
 P - an amulet of guardian spirit (around neck)
Wands
 b - a wand of digging (5)
 B - a wand of iceblast (20)
 I - a wand of acid (8)
 J - a wand of polymorph (8)
 O - a wand of flame (12)
Scrolls
 i - 3 scrolls of enchant armour
 j - 2 scrolls of fear
 m - 5 scrolls of identify
 r - 4 scrolls of remove curse
 s - a scroll of magic mapping
 u - 2 scrolls of blinking
 v - 5 scrolls of teleportation
 w - 2 scrolls of fog {unknown}
 y - 2 scrolls of enchant weapon {unknown}
 H - a scroll of random uselessness {unknown}
 K - a scroll of amnesia {unknown}
 L - a scroll of torment {unknown}
Potions
 d - 2 potions of might
 g - 3 potions of haste {unknown}
 h - a potion of resistance {unknown}
 n - 4 potions of heal wounds {unknown}
 p - 6 potions of degeneration {unknown}
 t - 5 potions of curing {unknown}
 z - 2 potions of ambrosia {unknown}
 C - 2 potions of cancellation {unknown}
 D - a potion of mutation {unknown}
 E - a potion of lignification {unknown}
 M - a potion of invisibility {unknown}
Comestibles
 f - 14 rations


   Skills:
 + Level 5.6(10.6) Fighting
 + Level 8.7(13.7) Axes
 + Level 6.1(11.1) Armour
 + Level 2.8(7.8) Dodging
 + Level 0.9(5.9) Stealth
 + Level 6.4(11.4) Shields
 + Level 0.2 Invocations


You had 8 spell levels left.
You didn't know any spells.
Your spell library contained the following spells:

 Spells                   Type           Power        Failure   Level  Hunger
 Confusing Touch          Hex            #.....       65%         1    ##.....
 Confuse                  Hex            #.......     95%         3    ####...
 Gell's Gravitas          Tloc           #.........   95%         3    ####...
 Cause Fear               Hex            #.........   100%        4    #####..
 Petrify                  Tmut/Erth      #.......     100%        4    #####..
 Metabolic Englaciation   Hex/Ice        #.........   100%        5    ######.
 Silence                  Hex/Air        #.........   100%        5    ######.
 Yara's Violent Unravell  Hex/Tmut       #.........   100%        5    ######.
 Deflect Missiles         Chrm/Air       #.........   100%        6    #######
 Discord                  Hex            #.........   100%        8    #######


Dungeon Overview and Level Annotations

Branches:
Dungeon (9/15)             Temple (1/1) D:6
   Lair: D:8-11         Orc: D:9-12

Altars:
Ashenzari
Cheibriados
Dithmenos
Elyvilon
Fedhas
Gozag
Hepliaklqana
Kikubaaqudgha
Makhleb
Nemelex Xobeh
Okawaru
Qazlal
Ru
Sif Muna
Trog
Uskayaw
Vehumet
Wu Jian
Xom
Yredelemnul
Zin
The Shining One

Shops:
D:5 }   D:9 [

Annotations:
D:7 2 transporters, psellion's ghost, novice TrHu
D:9 Erolcha


Innate Abilities, Weirdness & Mutations

You have large cloven feet.
You sometimes gain power by taking damage.


Message History

No target in view!
No target in view!
No target in view!
No target in view!
No target in view!
No target in view!
You barely miss something. You barely miss something. Something hits you!
You focus on the pain.
You feel your power returning.
You hit something. You kick something. Something hits you!!
You barely miss something. You hit something but do no damage.
You kick something. You closely miss something. Something hits you!!
You focus on the pain.
You feel very mighty all of a sudden.
You closely miss something. You hit something but do no damage.
You kick something! Something hits you!
* * * LOW HITPOINT WARNING * * *
You slash something! You kick something! You miss something.
Something hits you!!
You die...

#..........#................#
#..........#................#
#..........###########......#
#..........#############'####
#..........#........#.......#
#..........#..>.....#..###..#
#..........#........#..# #..#
#..........#{.......#..# #..#
#..........#@....?..#..###..#
#.########.#........#.......'
#.########.'........#####'###
#..........#..###... #.....##
#..........#.## ## ###...#.
#..........#.# ##+##.
#..######..#.# #. #..# #..#.#
#. #..# #..### #.


There were no monsters in sight!

Vanquished Creatures
  Harold (D:7)
  A two-headed ogre (D:9)
  Eustachio (D:5)
  4 ogres
  2 phantoms
  A gnoll sergeant (D:7)
  A bullfrog (D:5)
  4 scorpions
  4 wights (D:7)
  3 crimson imps
  2 bullfrog zombies
  2 howler monkeys (D:9)
  A jelly (D:5)
  4 hounds
  An orc priest (D:4)
  A bullfrog skeleton (D:8)
  An orc wizard (D:3)
  2 iguanas
  8 worker ants
  A hell rat (D:8)
  A hound skeleton (D:4)
  4 gnolls (D:7)
  18 adders
  A howler monkey skeleton (D:6)
  4 shadow imps
  An ooze (D:2)
  2 adder skeletons
  3 worms
  4 dart slugs
  7 leopard geckos
  14 orcs
  2 ball pythons
  6 giant cockroaches
  3 goblins
  6 hobgoblins
  7 jackals
  7 bats
  7 frilled lizards
  A jackal skeleton (D:3)
  3 kobolds
  A leopard gecko skeleton (D:5)
  A quokka skeleton (D:9)
  11 rats
159 creatures vanquished.

Notes
Turn   | Place    | Note
-------+----------+-------------------------------------------
     0 | D:1      | galech the Demonspawn Fighter began the quest for the Orb.
     0 | D:1      | Reached XP level 1. HP: 18/18 MP: 1/1
    79 | D:1      | Reached skill level 2 in Axes
   116 | D:1      | Gained mutation: You sometimes gain a little power by
                  | taking damage. [demonic ancestry]
   116 | D:1      | Reached XP level 2. HP: 24/24 MP: 2/2
   546 | D:1      | Gained mutation: You have large cloven feet. [demonic
                  | ancestry]
   546 | D:1      | Reached XP level 3. HP: 28/29 MP: 3/3
   626 | D:2      | You fall through a shaft!
   721 | D:3      | Noticed a phantom
   736 | D:3      | Killed a phantom
   736 | D:3      | Reached skill level 3 in Axes
   736 | D:3      | Reached skill level 1 in Dodging
   736 | D:3      | Reached XP level 4. HP: 35/35 MP: 4/4
   753 | D:3      | Reached XP level 5. HP: 25/41 MP: 5/5
  1577 | D:2      | Found a sparkling altar of Nemelex Xobeh.
  1583 | D:2      | Found a burning altar of Makhleb.
  1584 | D:2      | Found a blossoming altar of Fedhas.
  2166 | D:3      | Reached skill level 4 in Axes
  2166 | D:3      | Reached XP level 6. HP: 35/47 MP: 6/6
  3248 | D:4      | Reached XP level 7. HP: 53/53 MP: 7/7
  3510 | D:4      | Reached skill level 5 in Axes
  4253 | D:5      | Entered Level 5 of the Dungeon
  4275 | D:5      | Found Xieguigh's Gadget Shoppe.
  5032 | D:5      | Noticed Eustachio
  5074 | D:5      | Killed Eustachio
  5074 | D:5      | Reached XP level 8. HP: 26/60 MP: 8/8
  5512 | D:5      | Found a bloodstained altar of Trog.
  5544 | D:5      | Found a hazy altar of Hepliaklqana.
  5860 | D:6      | Reached skill level 5 in Armour
  5933 | D:6      | Reached skill level 6 in Axes
  5954 | D:6      | Found a staircase to the Ecumenical Temple.
  5987 | Temple   | Entered the Ecumenical Temple
  6139 | Temple   | Became a worshipper of Warmaster Okawaru
  6719 | D:7      | Found a transporter.
  6725 | D:7      | Found a transporter.
  6725 | D:7      | Noticed a moth of wrath
  6725 | D:7      | Identified the +9 giant club of Stickiness {vamp, Int+3}
  6725 | D:7      | Noticed a two-headed ogre
  6729 | D:7      | Found a bloodstained altar of Trog.
  6735 | D:7      | Noticed psellion's ghost (novice TrHu)
  6821 | D:7      | Reached skill level 7 in Axes
  6827 | D:7      | Reached skill level 5 in Shields
  6901 | D:7      | Reached * piety under Okawaru
  7015 | D:7      | Gained mutation: You sometimes gain power by taking damage.
                  | [demonic ancestry]
  7015 | D:7      | Reached XP level 9. HP: 66/66 MP: 9/9
  7101 | D:7      | Found an ornate altar of the Wu Jian Council.
  7361 | D:8      | Noticed Harold
  7382 | D:7      | Killed Harold
  7382 | D:7      | Reached skill level 5 in Fighting
  7496 | D:8      | Noticed a death yak
  7498 | D:8      | Noticed a death yak
  7499 | D:8      | Noticed a death yak
  7806 | D:8      | Reached skill level 8 in Axes
  7822 | D:8      | Reached ** piety under Okawaru
  8030 | D:9      | Found Sudisch's Antique Armour Boutique.
  8502 | D:9      | Noticed a two-headed ogre
  8519 | D:9      | Killed a two-headed ogre
  8519 | D:9      | Reached *** piety under Okawaru
  8817 | D:9      | Noticed Erolcha
  8832 | D:9      | Slain by Erolcha

Levels and vault maps discovered:
D:1:      scummos_arrival_gate, layout_basic
D:2:      layout_basic, chequers_temple_overflow_statue_of_worship
D:3:      layout_loops_ring, mrwooster_statue_mirror, bh_chokoban
D:4:      layout_loops_corners, first_ration
D:5:      layout_basic, minitemple, serial_shops, shop_coins, uniq_eustachio
D:6:      layout_rooms, temple_pool_b
D:7:      layout_basic, lemuel_coloured_pillars_altar,
          gammafunk_ghost_wrathful_warriors
D:8:      cheibrodos_barr_body, layout_gridville, dpeg_lair_monsters,
          serial_shops, nicolae_shop_trees, kennysheep_nondescript, uniq_harold
D:9:      cheibrodos_two_vegetables, layout_stronghold, serial_shops, shop,
          uniq_erolcha
Temple:   eino_temple_scatter_basement

Skill      XL: |  1  2  3  4  5  6  7  8  9 |
---------------+----------------------------+-----
Axes           | 2 3 4 5 7 8 |  8.7
Armour         | 3 4 5 6 |  6.1
Dodging        | 1 2 |  2.8
Shields        | 3 4 5 6 |  6.4
Fighting       | 4 5 |  5.6
Stealth        | |  0.9
Invocations    | |  0.2

Action                   |  1- 3 |  4- 6 |  7- 9 || total
-------------------------+-------+-------+-------++-------
Melee: War axe           |    93 |    48 |       ||   141
       Kick              |     5 |    39 |   132 ||   176
       Hand axe          |       |   133 |   443 ||   576
Invok: Heroism           |       |       |     2 ||     2
  Use: Scroll            |       |       |     8 ||     8
       Potion            |       |       |     1 ||     1
  Eat: Chunk             |       |     5 |    17 ||    22
       Ration            |       |     1 |       ||     1
Armor: Scale mail        |    52 |    21 |       ||    73
       Chain mail        |       |    88 |   103 ||   191
       Plate armour      |       |       |    86 ||    86
       Swamp dragon scal |       |       |    18 ||    18
Dodge: Dodged            |    27 |    41 |    97 ||   165
Block: Shield            |    46 |    99 |   239 ||   384

Table legend:
 A = Non-vault XP
 B = Vault XP
 C = Vault XP percentage of total XP
 D = Non-vault monster count
 E = Vault monster count
 F = Vault count percentage of total count
                 A         B        C        D         E       F
            +---------+---------+-------+---------+---------+-------
      Total |    3895 |    1211 |  23.7 |     156 |       3 |   1.9
            +---------+---------+-------+---------+---------+-------
        D:1 |      42 |       0 |   0.0 |      23 |       0 |   0.0
        D:2 |     134 |       0 |   0.0 |      23 |       0 |   0.0
        D:3 |     234 |       0 |   0.0 |      29 |       0 |   0.0
        D:4 |     708 |       0 |   0.0 |      22 |       0 |   0.0
        D:5 |     302 |     203 |  40.2 |      13 |       1 |   7.1
        D:6 |     375 |       0 |   0.0 |      12 |       0 |   0.0
        D:7 |     840 |     976 |  53.7 |      21 |       1 |   4.5
        D:8 |     230 |      32 |  12.2 |       7 |       1 |  12.5
        D:9 |    1030 |       0 |   0.0 |       6 |       0 |   0.0
            +---------+---------+-------+---------+---------+-------
